 Dungeon Crawl Stone Soup version 0.31-a0-1611-g890cdf5628 (webtiles) character file.

Game seed: 13836440687465626314

518 Laraso the Firebug (level 7, 50/50 HPs)
             Began as a Pale Draconian Fire Elementalist on Jan 8, 2024.
             Quit the game on level 5 of the Dungeon.
             The game lasted 00:05:53 (4826 turns).

Laraso the Firebug (DrFE)                           Turns: 4826, Time: 00:05:53

Health: 50/50      AC:  9    Str: 10    XL:     7   Next: 1%
Magic:  5/13       EV: 12    Int: 18    God:
Gold:   228        SH:  0    Dex: 11    Spells: 5/14 levels left

rFire   . . .        d - +0 short sword
rCold   . . .        (no shield)
rNeg    . . .        (body armour unavailable)
rPois   +            (helmet restricted)
rElec   .            i - +0 cloak
rCorr   +            m - +0 pair of gloves
SInv    .            h - +0 pair of boots
Will    .....        e - amulet of the acrobat
Stlth   ++           p - ring of poison resistance
HPRegen 0.28/turn    g - ring of resist corrosion
MPRegen 0.13/turn

%: acrobat
@: no status effects
A: breathe steam, AC +6, unfitting armour, cold-blooded, steam resistance
a: Breathe Steam


You were on level 5 of the Dungeon.
You visited 1 branch of the dungeon, and saw 5 of its levels.

You collected 256 gold pieces.
You spent 28 gold pieces at shops.

Inventory:

Hand Weapons
 d - a +0 short sword (weapon)
Armour
 h - a +0 pair of boots (worn)
 i - a +0 cloak (worn)
 m - a +0 pair of gloves (worn)
Jewellery
 e - an amulet of the acrobat (around neck)
 g - a ring of resist corrosion (right hand)
 p - a ring of poison resistance (left hand)
Scrolls
 b - 2 scrolls of teleportation
 f - a scroll of revelation
 j - a scroll of enchant armour
 k - a scroll of brand weapon
 q - a scroll of poison {unknown}
Potions
 a - a potion of magic
 c - a potion of mutation {unknown}
 l - a potion of curing {unknown}
 n - a potion of berserk rage {unknown}
 o - a potion of heal wounds {unknown}


   Skills:
 - Level 1.7 Dodging
 - Level 1.7 Stealth
 - Level 4.0 Spellcasting
 * Level 4.4 Conjurations
 * Level 5.9 Fire Magic


You had 5 spell levels left.
You knew the following spells:

 Your Spells              Type           Power      Damage    Failure   Level
a - Foxfire               Conj/Fire      88%        2x1d8     1%          1
b - Blink                 Tloc           6%         N/A       22%         2
d - Scorch                Fire           48%        2d7       1%          2
v - Flame Wave            Conj/Fire      22%        2d8       17%         4

Your spell library contained the following spells:

 Spells                   Type           Power      Damage    Failure   Level
 Magic Dart               Conj           76%        1d6       2%          1
 Inner Flame              Hex/Fire       14%        N/A       13%         3
 Volatile Blastmotes      Fire/Tloc      28%        2d12      13%         3
 Dazzling Flash           Conj/Hex       22%        N/A       19%         3
 Call Imp                 Summ           6%         N/A       22%         2
 Ensorcelled Hibernation  Hex/Ice        6%         N/A       22%         2
 Mercury Vapours          Alch/Air       6%         N/A       22%         2
 Sublimation of Blood     Necr           3%         N/A       22%         2
 Mephitic Cloud           Conj/Alch/Air  8%         N/A       24%         3
 Passwall                 Erth           3%         N/A       41%         3
 Swiftness                Air            3%         N/A       41%         3
 Petrify                  Alch/Erth      3%         N/A       82%         4
 Irradiate                Conj/Alch      5%         3d13      86%         5
 Freezing Cloud           Conj/Ice/Air   4%         6-21      92%         5
 Starburst                Conj/Fire      11%        6d5       95%         6
 Maxwell's Capacitive Co  Air            1%         ∞         100%        8


Dungeon Overview and Level Annotations

Branches:
Dungeon (5/15)
 Temple: D:4-7

Altars:

Shops:
D:3 ?


Innate Abilities, Weirdness & Mutations

You can breathe blasts of scalding, opaque steam.
Your pale cyan-grey scales are hard. (AC +6)
You cannot fit into any form of body armour.
You are cold-blooded and may be slowed by cold attacks.
You are immune to the effects of steam.


Message History

You start resting.
Magic restored.
You start resting.
HP restored.
A water moccasin comes into view.
Found a war axe.
A water moccasin is nearby!
A water moccasin is nearby!
A water moccasin is nearby!
The water moccasin hisses angrily.
Casting: Scorch (safe; 2% risk of failure)
Confirm with . or Enter, or press ? or * to list all spells.
Flames lash the water moccasin.
The water moccasin is lightly wounded.
The water moccasin's fire resistance burns away.
Casting: Scorch (safe; 2% risk of failure)
Confirm with . or Enter, or press ? or * to list all spells.
You conjure some foxfire!
Casting: Foxfire (safe; 2% risk of failure)
Confirm with . or Enter, or press ? or * to list all spells.
Flames lash the water moccasin.
The water moccasin is burned terribly!
The water moccasin is moderately wounded.
The foxfire hits the water moccasin.
The water moccasin is burned terribly!
The water moccasin is heavily wounded.
The foxfire hits the water moccasin but does no damage.
The water moccasin is heavily wounded.
The water moccasin bites you but does no damage.
The water moccasin barely misses you.
Unknown command.
Casting: Scorch (safe; 2% risk of failure)
Confirm with . or Enter, or press ? or * to list all spells.
Flames lash the water moccasin.
The water moccasin is burned terribly!
You kill the water moccasin!
You have reached level 7!
Your scales start taking on a pale cyan-grey colour.
You learn Fire Magic quicker.
You learn Air Magic quicker.
You learn Evocations quicker.
You can breathe blasts of scalding, opaque steam.
You are now immune to the effects of steam.
Are you sure you want to abandon this character and quit the game? (Confirm with "yes".)

#..# #))## #.o.#
######## #.#.#
#.)....# #.#.#
#......#
#.#)#####......#
#.#....##......#
#o####.##.†....##
#.# #.##.@.....##
#.# #.##.........
#.# #.##......###
#.# #.........#
#.# ###...#.###
##.# ###...# #..#
#..### #.##
##...# #..# #.#.#


There were no monsters in sight!

Vanquished Creatures
  A water moccasin (D:5)
  2 scorpions (D:5)
  A bombardier beetle (D:4)
  A hound (D:3)
  A sleepcap (D:5)
  2 iguanas
  An orc wizard (D:5)
  4 adders
  2 ribbon worms
  4 dart slugs
  3 orcs (D:5)
  6 endoplasms
  5 giant cockroaches
  7 goblins
  13 hobgoblins
  7 jackals
  2 kobolds
  4 quokkas
  4 ball pythons
  4 bats
  2 frilled lizards
  9 rats
85 creatures vanquished.

Vanquished Creatures (others)
  63 foxfires
63 creatures vanquished.

Grand Total: 148 creatures vanquished

Notes
Turn   | Place    | Note
-------+----------+-------------------------------------------
     0 | D:1      | Laraso the Draconian Fire Elementalist began the quest for
                  | the Orb.
     0 | D:1      | Reached XP level 1. HP: 14/14 MP: 3/3
   136 | D:1      | You fall into a shaft and drop 1 floor!
   144 | D:1      | Reached XP level 2. HP: 20/20 MP: 3/5
   147 | D:1      | Learned a level 2 spell: Scorch
  1029 | D:2      | Reached XP level 3. HP: 26/26 MP: 5/7
  1055 | D:2      | Found a faded altar of an unknown god.
  1062 | D:2      | Learned a level 2 spell: Blink
  2499 | D:3      | Reached XP level 4. HP: 33/33 MP: 7/10
  2514 | D:3      | Learned a level 4 spell: Flame Wave
  2544 | D:3      | Found Bienofevas's Magic Scroll Boutique.
  2557 | D:3      | Bought a scroll of identify for 28 gold pieces
  3325 | D:4      | Reached XP level 5. HP: 38/38 MP: 4/11
  3888 | D:4      | Reached skill level 4 in Fire Magic
  4110 | D:4      | Identified the scarf of an ossuary {shadows, Fly Int-2
                  | Dex+5 SInv}
  4382 | D:5      | Entered Level 5 of the Dungeon
  4386 | D:5      | Reached XP level 6. HP: 44/45 MP: 7/12
  4671 | D:5      | Reached skill level 5 in Fire Magic
  4819 | D:5      | Noticed a water moccasin
  4825 | D:5      | Killed a water moccasin
  4826 | D:5      | Your scales start taking on a pale cyan-grey colour.
  4826 | D:5      | Reached XP level 7. HP: 50/50 MP: 5/13
  4826 | D:5      | Gained mutation: You are immune to the effects of steam.
                  | [Pale Draconian growth]
  4826 | D:5      | Quit the game

Illustrated notes

Levels and vault maps discovered:
D:1:      dpeg_arrival_arbitrary_a, layout_rooms
D:2:      layout_basic, hellmonk_ecumenical_altar_crossroads
D:3:      layout_rooms, serial_shops, nicolae_shop_tiny_waterfront
D:4:      layout_loops_corners
D:5:      layout_rooms

Skill      XL: |  1  2  3  4  5  6 |
---------------+-------------------+-----
Spellcasting   | 3 4 |  4.0
Conjurations   | 2 3 4 |  4.4
Fire Magic     | 4 5 |  5.9
Dodging        | |  1.7
Stealth        | |  1.7

Action                     |  1- 3 |  4- 6 |  7- 9 || total
---------------------------+-------+-------+-------++-------
  Melee: Short sword       |    25 |    47 |       ||    72
         Tailslap          |     3 |     6 |       ||     9
   Cast: Foxfire           |    28 |     9 |       ||    37
         Scorch            |    39 |    52 |       ||    91
    Use: Scroll            |     4 |     2 |       ||     6
   Stab: Sleeping          |       |     3 |       ||     3
 Armour: Skin              |    26 |    43 |       ||    69
  Dodge: Dodged            |    36 |    74 |       ||   110

Table legend: (Time is in decaauts)
 A = Elapsed time spent in this place.
 B = Non-inter-level travel time spent in this place.
 C = Inter-level travel time spent in this place.
 D = Time resting spent in this place.
 E = Time spent auto-exploring this place.
 F = Levels seen in this place.
 G = Mean time per level.
                   A        B        C        D        E       F      G
               +--------+--------+--------+--------+--------+-----+--------+
         Total |   4834 |   4665 |    169 |    836 |   3083 |   5 |  966.8 |
       Dungeon |   4834 |   4665 |    169 |    836 |   3083 |   5 |  966.8 |
               +--------+--------+--------+--------+--------+-----+--------+

Top non-repeatable levels by time:
     D:2: 1533 daAuts
     D:4: 1259 daAuts
     D:1: 841 daAuts
     D:3: 815 daAuts
     D:5: 383 daAuts
